 Dungeon Crawl Stone Soup version 0.30-a0-930-gb9d0489357 (webtiles) character file.

Game seed: 2683948586478529849

3843 DeathPants the Covert (level 10, 0/50 (53) HPs)
             Began as a Vine Stalker Delver on Mar 23, 2023.
             Was an Initiate of Gozag.
             Slain by a wraith (4 damage)
             ... on level 8 of the Dungeon.
             The game lasted 00:28:45 (7584 turns).

DeathPants the Covert (Vine Stalker Delver)         Turns: 7584, Time: 00:28:46

HP:   0/50 (53)     AC:  8    Str: 14    XL:     10   Next: 18%
MP:   0/11          EV: 15    Int: 10    God:    Gozag
Gold: 1586          SH:  0    Dex: 21    Spells: 9/9 levels left

rFire   . . .      SeeInvis .    b - +0 short sword (speed)
rCold   . . .      Faith    .    (no shield)
rNeg    . . .      Spirit   +    l - +0 leather armour
rPois   +          Reflect  .    n - +2 helmet
rElec   .          Rampage  .    (no cloak)
rCorr   .                        k - +0 pair of gloves
Will    +....                    w - +0 pair of boots
Stlth   +++++                    (no amulet)
HPRegen 1.08/turn                q - ring of poison resistance
MPRegen 0.12/turn                (no ring)

@: about to teleport, slowed, drained, very slow
A: fangs 3, regeneration 1, magic shield, antimagic bite, no potion heal 2
a: Renounce Religion, Potion Petition, Call Merchant, Bribe Branch


You were on level 8 of the Dungeon.
You worshipped Gozag.
Gozag was most pleased with you.
You visited 1 branch of the dungeon, and saw 9 of its levels.

You collected 1729 gold pieces.
You paid 143 gold pieces to Gozag.

Inventory:

Hand Weapons
 a - a +1 short sword of venom
 b - a +0 short sword of speed (weapon)
Missiles
 h - 2 curare-tipped darts
 i - 2 poisoned darts (quivered)
 o - 2 boomerangs
Armour
 k - a +0 pair of gloves (worn)
 l - a +0 leather armour (worn)
 n - a +2 helmet (worn)
 w - a +0 pair of boots (worn)
Jewellery
 q - a ring of poison resistance (left hand)
 s - a ring of fire
Wands
 g - a wand of digging (3)
 v - a wand of polymorph (9)
 x - a wand of mindburst (8)
Scrolls
 d - 4 scrolls of magic mapping
 e - 3 scrolls of teleportation
 m - 2 scrolls of enchant weapon
 p - 2 scrolls of vulnerability
 u - a scroll of blinking
Potions
 f - 2 potions of might
 j - 4 potions of curing
 r - 2 potions of haste
 t - 2 potions of attraction


   Skills:
 + Level 6.7 Fighting
 * Level 9.0 Short Blades
 + Level 5.1 Dodging
 + Level 9.8 Stealth


You had 9 spell levels left.
You didn't know any spells.
Your spell library contained the following spells:

 Spells                   Type           Power      Damage    Failure   Level
 Kiss of Death            Conj/Necr      0%         2d5       43%         1
 Sting                    Tmut/Pois      0%         1d3       43%         1
 Summon Small Mammal      Summ           0%         N/A       43%         1
 Poisonous Vapours        Pois/Air       0%         N/A       58%         2
 Call Canine Familiar     Summ           0%         N/A       82%         3
 Confusing Touch          Hex            0%         N/A       82%         3
 Portal Projectile        Hex/Tloc       0%         N/A       82%         3
 Summon Guardian Golem    Hex/Summ       0%         N/A       82%         3
 Dispel Undead            Necr           0%         3d6       99%         4
 Leda's Liquefaction      Hex/Erth       0%         N/A       99%         4
 Olgreb's Toxic Radiance  Pois           0%         N/A       99%         4


Dungeon Overview and Level Annotations

Branches:
Dungeon (9/15)             Temple (0/1) D:5
   Lair: D:8-11         Orc: D:9-12

Altars:
Cheibriados
Dithmenos
Gozag
Kikubaaqudgha
Makhleb
Nemelex Xobeh
Ru
Sif Muna
Trog
Vehumet
Xom
Zin
The Shining One

Shops:
D:3 [


Innate Abilities, Weirdness & Mutations

You have razor-sharp teeth.
Your natural rate of healing is unusually fast.
When hurt, damage is shared between your health and your magic reserves.
Your bite disrupts and absorbs the magic of your enemies.
Potions cannot restore your health.


Message History

An orc comes into view. It is wielding a +0 mace.
The electric eel shoots out a bolt of lightning at you!
The bolt of electricity hits you!
The orc priest calls down the wrath of Beogh upon you.
Beogh smites you! The wraith hits you.
The orc priest calls down the wrath of Beogh upon you.
Pain shoots through your body!
There is a stone staircase leading up, spattered with blood here.
The wraith barely misses you.
The orc priest invokes the aid of Beogh against you.
Beogh smites you!
The orc shouts!
Things that are here:
7 gold pieces; a +0 robe; a +0 dagger You closely miss the electric eel.
Your bite misses the electric eel.
You hear a shout!
You hear a bellow!
You hear a shout!
You hear a bellow!
You hear a shout! x2
The yak attacks as you move away! The yak gores you.
The wraith barely misses you.
There is a stone staircase leading up, spattered with blood here.
The wraith hits you!
* * * LOW HITPOINT WARNING * * *
The wraith drains your vigour!
You feel yourself slow down. The yak gores you but does no damage.
You climb upwards.
There is a stone staircase leading down, spattered with blood here.
Things that are here:
a +0 robe; a +0 spear
As you read the scroll of fear, it crumbles to dust.
You assume a fearsome visage.
The yak looks frightened!
The wraith is unaffected.
The wraith hits you!
* * * LOW HITPOINT WARNING * * *
The wraith hits you!
* * * LOW HITPOINT WARNING * * *
Things that are here:
a +0 robe; a +0 flail
As you read the scroll of teleportation, it crumbles to dust.
You feel strangely unstable. The wraith hits you.
You die...
Your body crumbles into a pile of gold.

### ###########
#.##...... .
###.##..#.#....
####......).....#
#.....########.##
#.##..# # ##..# #
#...# #.#.#.#
#.#@#[# #..[W)#
###[### #.# #.#
#.# $ .Y. ... ###
..... ...


You could see a yak (fleeing) and a wraith.

Vanquished Creatures
  Sigmund (D:2)
  3 wyverns
  2 steam dragons (D:7)
  2 acid dragons (D:8)
  A water moccasin (D:7)
  An orc warrior (D:8)
  3 ice beasts (D:5)
  2 black bears
  3 ogres
  A centaur (D:8)
  3 kobold brigands
  2 bullfrogs
  2 scorpions (D:7)
  4 wights (D:8)
  2 vampire bats (D:3)
  2 electric eels (D:6)
  2 jellies
  9 hounds
  A gnoll bouda (D:5)
  An orc priest (D:8)
  2 sleepcaps (D:4)
  An iguana (D:4)
  6 orc wizards
  19 gnolls
  4 adders
  A white imp (D:6)
  An ufetubus (D:5)
  A dart slug (D:1)
  14 orcs
  3 bat skeletons (D:3)
  2 bat zombies (D:3)
  4 endoplasms
  4 giant cockroaches
  6 goblins
  14 hobgoblins
  51 kobolds
  3 quokkas
  4 ball pythons
  5 bats
  2 frilled lizards (D:2)
  6 rats
200 creatures vanquished.

Vanquished Creatures (others)
  An orc (D:9)
  4 fungi (D:3)
  5 plants (D:3)
10 creatures vanquished.

Grand Total: 210 creatures vanquished

Notes
Turn   | Place    | Note
-------+----------+-------------------------------------------
     0 | D:5      | DeathPants the Vine Stalker Delver began the quest for the
                  | Orb.
     0 | D:5      | Reached XP level 1. HP: 11/11 MP: 2/2
    89 | D:5      | Noticed a jelly
    90 | D:5      | Noticed an ice beast
   157 | D:4      | Noticed a sleepcap
   169 | D:4      | Found a bloodstained altar of Trog.
   283 | D:4      | Noticed an ogre
   290 | D:4      | Noticed a sleepcap
   292 | D:4      | Noticed a black bear
   306 | D:4      | Found a shadowy altar of Dithmenos.
   385 | D:3      | Found Unauv's Antique Armour Emporium.
   602 | D:2      | Noticed Sigmund
   619 | D:1      | Reached XP level 2. HP: 9/16 MP: 3/3
  1111 | D:1      | Reached XP level 3. HP: 15/20 MP: 2/4
  1199 | D:2      | Killed Sigmund
  1200 | D:2      | Gained mutation: Your natural rate of healing is unusually
                  | fast. [Vine Stalker growth]
  1200 | D:2      | Reached XP level 4. HP: 21/25 MP: 5/5
  1200 | D:2      | Reached XP level 5. HP: 25/29 MP: 6/6
  1329 | D:1      | Noticed a vampire
  1329 | D:1      | Noticed an armataur
  1331 | D:1      | Noticed a demigod
  1331 | D:1      | Noticed an octopode
  1333 | D:1      | Noticed a tengu
  1333 | D:1      | Noticed a vampire
  1335 | D:1      | Noticed a gargoyle
  1337 | D:1      | Noticed a troll
  1337 | D:1      | Noticed a formicid
  1339 | D:1      | Noticed a naga
  1339 | D:1      | Noticed a felid
  1341 | D:1      | Noticed an armataur
  1341 | D:1      | Noticed an elf
  1343 | D:1      | Noticed a meteoran
  1343 | D:1      | Noticed a demonspawn
  1345 | D:1      | Noticed a human
  1347 | D:1      | Noticed a merfolk
  1347 | D:1      | Noticed a draconian
  1349 | D:1      | Noticed a vine stalker
  1349 | D:1      | Noticed a demigod
  1351 | D:1      | Noticed a spriggan
  1351 | D:1      | Noticed an ogre
  1353 | D:1      | Noticed a minotaur
  1619 | D:2      | Found a sparkling altar of Nemelex Xobeh.
  2407 | D:3      | Found a burning altar of Makhleb.
  2410 | D:3      | Found an opulent altar of Gozag.
  2426 | D:3      | Became a worshipper of Gozag Ym Sagoz the Greedy
  2547 | D:3      | Found an ancient bone altar of Kikubaaqudgha.
  2566 | D:3      | Reached XP level 6. HP: 33/33 MP: 7/7
  2982 | D:3      | Found a glowing golden altar of the Shining One.
  3014 | D:3      | Found a sparkling altar of Nemelex Xobeh.
  3050 | D:3      | Found a faded altar of an unknown god.
  3269 | D:4      | Reached skill level 5 in Short Blades
  3269 | D:4      | Reached XP level 7. HP: 38/38 MP: 8/8
  3930 | D:5      | Gained mutation: You have razor-sharp teeth. [Vine Stalker
                  | growth]
  3930 | D:5      | Reached XP level 8. HP: 19/42 MP: 3/9
  4263 | D:5      | Reached skill level 5 in Fighting
  4429 | D:5      | Noticed a yak
  4442 | D:5      | Noticed a yak
  4543 | D:5      | Found a staircase to the Ecumenical Temple.
  4793 | D:7      | Found a shimmering altar of Xom.
  4880 | D:7      | Reached XP level 9. HP: 47/47 MP: 10/10
  4887 | D:7      | Found a radiant altar of Vehumet.
  5024 | D:6      | Found a snail-covered altar of Cheibriados.
  6066 | D:7      | Found a sacrificial altar of Ru.
  6269 | D:7      | Found a glowing silver altar of Zin.
  6794 | D:7      | Found a shimmering blue altar of Sif Muna.
  7240 | D:8      | Reached XP level 10. HP: 28/53 MP: 11/11
  7281 | D:8      | Reached skill level 5 in Dodging
  7583 | D:8      | HP: 2/50 [wraith (7)]
  7584 | D:8      | Slain by a wraith

Illustrated notes

Levels and vault maps discovered:
D:1:      kb_arrival_jail, layout_loops_ring
D:2:      layout_loops_ring, basic_altar, serial_co_window_serial,
          co_window_corner_a, co_window_corner_a, co_window_paths_a,
          co_window_of_opportunity_a, co_window_corner_a,
          co_window_of_opportunity_b, co_window_2corner,
          co_window_of_opportunity_c, co_window_corner_b, co_window_4corner_a,
          co_window_sun, glass_columns_a, glass_columns_c,
          chequers_serial_rivers_micro_d, uniq_sigmund
D:3:      layout_loops_ring, mainiacjoe_overflow_24_doors,
          kennysheep_vampire_church, nicolae_overflow_crystal_walls,
          nicolae_gozag_cash_rules_everything_around_me, bloody_makhleb,
          dreamdust_ecumenical_altar_grove, serial_shops,
          nicolae_shop_statue_plus
D:4:      layout_basic, nicolae_dithmenos_shadow_blocks, lemuel_round_altar,
          minmay_strange_pillars
D:5:      layout_layer_cave, temple_statues, roderic_nine_men_s_morris
D:6:      minmay_goblin_kobold_castle, layout_basic, cheibriados_altar_1
D:7:      cheibrodos_steamvent, layout_loops_ring, lemuel_round_altar,
          mainiacjoe_overflow_catwalk, mainiacjoe_overflow_six_doors_small,
          nicolae_ru_sacrificial_ziggurat, mainiacjoe_overflow_alcove_1,
          minmay_misc_feat_cross
D:8:      layout_loops_cross, minmay_orc_keep, uniq_joseph
D:9:      layout_roguey, mainiacjoe_overflow_tiny_flanked, lair_entry_dummy,
          erik_orc_2

Skill      XL: |  1  2  3  4  5  6  7  8  9 10 |
---------------+-------------------------------+-----
Short Blades   | 2 4 5 6 7 8 9 |  9.0
Fighting       | 3 4 5 6 |  6.7
Dodging        | 2 3 4 5 |  5.1
Stealth        | 7 8 9 |  9.8

Action                     |  1- 3 |  4- 6 |  7- 9 | 10-12 || total
---------------------------+-------+-------+-------+-------++-------
  Melee: Short sword       |    68 |    99 |   505 |    95 ||   767
         Bite              |    17 |    33 |   193 |    38 ||   281
         Punch             |       |     2 |     9 |       ||    11
  Throw: Dart              |       |       |     1 |     4 ||     5
  Evoke: Wand              |       |     4 |    16 |       ||    20
    Use: Scroll            |     2 |     6 |    13 |     2 ||    23
         Potion            |     1 |       |     2 |       ||     3
   Stab: Sleeping          |     7 |    13 |    11 |       ||    31
         Invisible         |       |       |     3 |       ||     3
         Distracted        |       |       |     3 |       ||     3
 Armour: Leather armour    |    14 |    34 |   110 |    12 ||   170
  Dodge: Dodged            |    43 |    68 |   203 |    29 ||   343

Table legend: (Time is in decaauts)
 A = Elapsed time spent in this place.
 B = Non-inter-level travel time spent in this place.
 C = Inter-level travel time spent in this place.
 D = Time resting spent in this place.
 E = Time spent auto-exploring this place.
 F = Levels seen in this place.
 G = Mean time per level.
                   A        B        C        D        E       F      G
               +--------+--------+--------+--------+--------+-----+--------+
         Total |   7225 |   7005 |    220 |    192 |   4573 |   9 |  802.8 |
       Dungeon |   7225 |   7005 |    220 |    192 |   4573 |   9 |  802.8 |
               +--------+--------+--------+--------+--------+-----+--------+

Top non-repeatable levels by time:
     D:6: 1161 daAuts
     D:2: 1117 daAuts
     D:5: 944 daAuts
     D:7: 881 daAuts
     D:1: 874 daAuts
     D:3: 850 daAuts
     D:4: 706 daAuts
     D:8: 666 daAuts
     D:9: 23 daAuts
